 Dungeon Crawl Stone Soup version 0.28.0-43-g3370ac3207 (webtiles) character file.

Game seed: 17679501750749891373

492 rlgrobin the Cleaver (level 7, 0/57 HPs)
             Began as a Hill Orc Cinder Acolyte on Mar 4, 2022.
             Was a High Priest of Ignis.
             Slain by an orc wizard
             ... wielding a +3 dagger of electrocution
              (4 damage)
             ... on level 4 of the Dungeon.
             The game lasted 00:03:10 (3205 turns).

rlgrobin the Cleaver (Hill Orc Cinder Acolyte)      Turns: 3205, Time: 00:03:11

Health: 0/57       AC: 13    Str: 19    XL:     7   Next: 14%
Magic:  8/8        EV: 10    Int: 14    God:    Ignis [*****.]
Gold:   89         SH:  0    Dex:  6    Spells: 6/8 levels left

rFire   + + .      SeeInvis .   a - -1 hand axe (flame)
rCold   + . .      Faith    .   (no shield)
rNeg    . . .      Spirit   .   c - +0 ring mail
rPois   +          Reflect  .   (no helmet)
rElec   +          Harm     .   h - +0 cloak
rCorr   +          Rampage  .   (no gloves)
Will    .....                   (no boots)
Stlth   ..........              (no amulet)
HPRegen 0.19/turn               e - ring of flight
MPRegen 0.11/turn               (no ring)

@: confused, resistant, fiery-armoured, flying, hasted, very quick
A: no striking features
a: Renounce Religion, Fiery Armour, Foxfire Swarm, Rising Flame


You were on level 4 of the Dungeon.
You worshipped Ignis.
Ignis was extremely pleased with you.
You visited 1 branch of the dungeon, and saw 4 of its levels.

You collected 89 gold pieces.

Inventory:

Hand Weapons
 a - a -1 hand axe of flaming (weapon)
 m - a +0 war axe
Missiles
 d - 5 javelins (quivered)
 o - 5 boomerangs
Armour
 b - a +0 robe
 c - a +0 ring mail (worn)
 g - a +0 scale mail
 h - a +0 cloak (worn)
Magical Staves
 i - a staff of air
Jewellery
 e - a ring of flight (left hand)
Wands
 r - a wand of flame (14)
Scrolls
 j - a scroll of vulnerability {unknown}
 k - 2 scrolls of identify {unknown}
 l - a scroll of amnesia {unknown}
 n - 2 scrolls of magic mapping {unknown}
 p - a scroll of brand weapon {unknown}
Potions
 f - a potion of flight
 q - a potion of resistance


   Skills:
 - Level 3.6 Fighting
 + Level 10.3 Axes
 - Level 1.0 Spellcasting
 - Level 3.2 Fire Magic


You had 6 spell levels left.
You knew the following spells:

 Your Spells              Type           Power      Damage    Failure   Level
a - Scorch                Fire           18%        2d5       19%         2

Your spell library contained the following spells:

 Spells                   Type           Power      Damage    Failure   Level


Dungeon Overview and Level Annotations

Branches:
Dungeon (4/15)
 Temple: D:4-7

Altars:


Message History

Something hits you but does no damage.
You closely miss something. You barely miss something. You miss something.
Something hits you but does no damage. Something hits you.
* * * LOW HITPOINT WARNING * * *
The orc hits you from afar with a +0 trident.
* * * LOW HITPOINT WARNING * * *
Something hits you but does no damage.
You take 9 damage, and have 12/57 hp.
You miss something. You hit something but do no damage.
You barely miss something. Something hits you but does no damage.
Something hits you.
* * * LOW HITPOINT WARNING * * *
You take 2 damage, and have 10/57 hp.
Unknown command.
It was a potion of resistance.
You feel protected.
The orc hits you from afar with a +0 trident.
* * * LOW HITPOINT WARNING * * *
Something hits you but does no damage.
Reactivating autopickup.
You feel a bit more experienced.
You hear some strange, mumbled words.
Deactivating autopickup; reactivate with Ctrl-A.
You are confused.
You hear some strange, mumbled words.
A puff of flame appears from out of thin air!
The puff of flame hits you. You resist.
* * * LOW HITPOINT WARNING * * *
You take 5 damage, and have 5/57 hp.
Unknown command.
Unknown command.
Unknown command.
It was a potion of haste.
You feel yourself speed up. The orc barely misses you. Something hits you.
* * * LOW HITPOINT WARNING * * *
Something hits you.
You die...

#.#.#### #. #.#.#
# ##.
###.###.#.#### ..
.......(.#.#.#
#.#####.###.#.#.#.
#.<.# # #.##.#.#
.o.###.# #.#.#.#.
#.####{.....#
#.##.#.#
#...)@{.....#
#.#.#.#.
#######.#####
#.##.#.#
#.#######.#.#.#.
#..........#.#.#
##########..#.#.
#.#.#.# #..#.#.
#....## ######


You could see an orc.

Vanquished Creatures
  Grinder (D:3)
  A black bear (D:4)
  A hound (D:4)
  An orc wizard (D:4)
  Ijyb (D:4)
  A hound skeleton (D:4)
  3 adders
  An ufetubus (D:4)
  An adder skeleton (D:4)
  3 worms
  A dart slug (D:1)
  4 orcs
  5 ball pythons
  12 endoplasms
  7 goblins
  2 hobgoblins
  7 jackals (D:1)
  6 quokkas
  4 bats
  5 frilled lizards
  5 kobolds
  8 rats
80 creatures vanquished.

Notes
Turn   | Place    | Note
-------+----------+-------------------------------------------
     0 | D:1      | rlgrobin the Hill Orc Cinder Acolyte began the quest for
                  | the Orb.
     0 | D:1      | Reached XP level 1. HP: 19/19 MP: 2/2
   159 | D:1      | Reached XP level 2. HP: 14/26 MP: 3/3
   207 | D:1      | Learned a level 2 spell: Scorch
   368 | D:1      | Reached skill level 5 in Axes
   606 | D:1      | Reached XP level 3. HP: 27/31 MP: 4/4
  1243 | D:2      | Reached skill level 6 in Axes
  1379 | D:2      | Reached XP level 4. HP: 30/39 MP: 0/5
  1877 | D:3      | Noticed Grinder
  1893 | D:3      | Paralysed by Grinder for 2 turns
  1910 | D:3      | Killed Grinder
  1911 | D:3      | Reached skill level 8 in Axes
  1911 | D:3      | Reached XP level 5. HP: 28/45 MP: 3/6
  1911 | D:3      | Reached XP level 6. HP: 31/51 MP: 3/7
  2366 | D:3      | Found a faded altar of an unknown god.
  2411 | D:3      | Reached skill level 9 in Axes
  2856 | D:4      | Noticed a black bear
  2867 | D:4      | Killed a black bear
  2936 | D:4      | Noticed Ijyb
  2954 | D:4      | Killed Ijyb
  2955 | D:4      | Reached skill level 10 in Axes
  2955 | D:4      | Reached XP level 7. HP: 39/57 MP: 1/8
  3204 | D:4      | HP: 5/57 [something/puff of flame (2)]
  3205 | D:4      | Slain by an orc wizard

Illustrated notes

Levels and vault maps discovered:
D:1:      saegor_arrival_simple_d, layout_basic, st_stairs_13,
          chequers_serial_rivers_small_3
D:2:      layout_rooms, grunt_ministairs_3, minmay_misc_feat_tower
D:3:      layout_basic, hellmonk_ecumenical_altar_leap_of_faith, uniq_grinder
D:4:      layout_basic, serial_shops, kennysheep_mini_moat, minivault_23,
          uniq_edmund, uniq_ijyb

Skill      XL: |  1  2  3  4  5  6 |
---------------+-------------------+-----
Axes           | 5 6 8 10 | 10.3
Fighting       | |  3.6
Spellcasting   | |  1.0
Fire Magic     | |  3.2

Action                   |  1- 3 |  4- 6 |  7- 9 || total
-------------------------+-------+-------+-------++-------
Melee: Hand axe          |   135 |   109 |    34 ||   278
       Punch             |     1 |     1 |       ||     2
 Cast: Scorch            |     2 |     4 |     1 ||     7
Invok: Fiery Armour      |       |     1 |     1 ||     2
  Use: Potion            |       |     1 |     2 ||     3
Armor: Ring mail         |    49 |    34 |    34 ||   117
Dodge: Dodged            |    82 |    38 |    12 ||   132
